 Dungeon Crawl Stone Soup version 0.18-a0-1570-gf60b0ab (webtiles) character file.

7828 poirepourri the Blocker (level 11, -3/67 HPs)
             Began as a Gargoyle Fighter on Mar 15, 2016.
             Was an Elder of Okawaru.
             Slain by a hill giant
             ... wielding a +0 giant club
              (29 damage)
             ... on level 10 of the Dungeon.
             The game lasted 00:23:19 (11664 turns).

poirepourri the Blocker (Gargoyle Fighter)         Turns: 11664, Time: 00:23:19

Health: -3/67      AC: 24    Str: 24    XL:     11   Next: 21%
Magic:  11/11      EV: 11    Int:  8    God:    Okawaru [****..]
Gold:   124        SH: 12    Dex:  9    Spells: 0 memorised, 10 levels left

rFire  x . .     SeeInvis .     n - +1 morningstar (protect)
rCold  + . .     Gourm    .     z - +1 scale mail
rNeg   + . .     Faith    .     c - +0 shield
rPois  ∞         Spirit   .     (no helmet)
rElec  +         Dismiss  .     (no cloak)
rCorr  .         Reflect  .     q - +0 pair of gloves
SustAt .         Harm     .     u - +0 pair of boots
MR     .....                    d - amulet of rage
Stlth  ++........               j - ring of ice
                                g - ring of stealth

@: not resistant to hostile enchantments, unstealthy
A: negative energy resistance 1, electricity resistance, unbreathing,
petrification resistance, rot immunity, AC +7
a: Heroism, Renounce Religion, Evoke Berserk Rage


You were on level 10 of the Dungeon.
You worshipped Okawaru.
Okawaru was greatly pleased with you.
You were not hungry.

You visited 2 branches of the dungeon, and saw 11 of its levels.

You collected 377 gold pieces.
You spent 253 gold pieces at shops.

Inventory:

Hand Weapons
 h - a +1 mace of crushing
 n - a +1 morningstar of protection (weapon)
Missiles
 a - 3 tomahawks (quivered)
 b - 3 silver javelins
 p - 215 stones
Armour
 c - a +0 shield (worn)
 q - a +0 pair of gloves (worn)
 u - a +0 pair of boots (worn)
 z - a +1 scale mail (worn)
Jewellery
 d - an amulet of rage (around neck)
 e - an uncursed ring of magical power
 f - an uncursed ring of protection from fire
 g - a ring of stealth (left hand)
 j - a ring of ice (right hand)
 r - an uncursed ring of positive energy
 t - an uncursed ring of protection from fire
 E - an uncursed ring of flight
Wands
 w - a wand of polymorph (19/24)
 x - a wand of lightning (4/15)
Scrolls
 k - 5 scrolls of remove curse
 o - 4 scrolls of magic mapping
 y - a scroll of recharging
 A - 2 scrolls of random uselessness
 F - a scroll of identify
Potions
 i - 3 potions of mutation
 l - a potion of flight {unknown}
 m - 2 potions of curing
 s - 2 potions of agility
Books
 v - a book of Party Tricks

   Spells                             Type                      Level
   a - Summon Butterflies             Summoning                    1
   b - Apportation                    Translocation                1
   c - Tukima's Dance                 Hexes                        3
   d - Alistair's Intoxication        Transmutation/Poison         5
   e - Invisibility                   Hexes                        6
Comestibles
 C - 2 bread rations
 D - a meat ration


   Skills:
 + Level 7.5 Fighting
 + Level 6.9 Maces & Flails
 + Level 5.1 Throwing
 + Level 7.2 Armour
 + Level 6.5 Dodging
 + Level 2.6 Stealth
 + Level 9.6 Shields
 + Level 1.2 Invocations
 + Level 1.0 Evocations


You had 10 spell levels left.
You didn't know any spells.

Dungeon Overview and Level Annotations

Branches:
Dungeon (10/15)            Temple (1/1) D:4             Orc (0/2) D:10
   Lair: D:8-11

Altars:
Ashenzari
Cheibriados
Dithmenos
Elyvilon
Fedhas
Gozag
Kikubaaqudgha
Makhleb
Nemelex Xobeh
Okawaru
Pakellas
Qazlal
Ru
Sif Muna
Trog
Vehumet
Xom
Yredelemnul
Zin
The Shining One
Beogh

Shops:
D:4 *   D:6 ?


Innate Abilities, Weirdness & Mutations

You are resistant to torment.
Your stone body is resilient (AC +7).
You are immune to poison.
You resist negative energy.
You are resistant to electric shocks.
You can survive without breathing.
You are immune to petrification.
You are immune to rotting.


Message History

The crimson imp blinks!
The quokka closely misses you.
The hill giant hits you with a giant club!
You hit the hill giant but do no damage.
The hill giant is severely wounded.
The quokka bites you but does no damage.
The quokka closely misses you.
You puncture the hill giant!
The hill giant is almost dead.
You block the hill giant's attack. You block the quokka's attack.
The crimson imp barely misses you.
You sock the hill giant!
The hill giant is almost dead.
The quokka bites you but does no damage.
The hill giant closely misses you.
The crimson imp hits you but does no damage.
You block the quokka's attack.
You hit the hill giant.
The hill giant is almost dead.
The hill giant hits you with a giant club!!
You die...

#.. #%.. #...
### #..##..
#...#.#
..##.....#
...#.....###.#
......5......#
......C@.#####
(.....r......#
.###.....###.#
###...# .#
##..###.#.###
##..........
#...###....
##..##.....
#.........


You could see a hill giant, a crimson imp and a quokka.

Vanquished Creatures
  2 hill giants
  An orc knight (D:10)
  2 two-headed ogres
  A troll (D:10)
  A spriggan (D:7)
  6 yaks
  A basilisk (D:8)
  2 wyverns (D:10)
  2 hippogriffs
  A water moccasin (D:5)
  Duvessa (D:5)
  A phantom (D:9)
  A sky beast (D:10)
  2 black bears (D:8)
  7 orc warriors
  3 ogres
  2 centaurs
  2 giant frogs (D:9)
  Dowan (D:5)
  A wyvern skeleton (D:6)
  3 scorpions
  6 wights
  5 crimson imps
  9 howler monkeys
  2 jellies
  4 giant frog zombies
  A quasit (D:9)
  8 hounds
  A giant frog skeleton (D:5)
  A gnoll shaman (D:9)
  7 orc priests
  5 orc wizards
  2 iguanas (D:5)
  6 worker ants
  A giant frog simulacrum (D:9)
  A hound zombie (D:9)
  A worker ant zombie (D:6)
  6 gnolls
  13 adders
  3 shadow imps (D:7)
  A white imp (D:9)
  An adder skeleton (D:5)
  2 giant geckos
  40 orcs
  5 giant cockroaches
  3 goblins
  4 hobgoblins
  5 jackals
  2 quokkas
  2 ball pythons
  8 bats
  4 giant gecko skeletons
  A giant gecko zombie (D:6)
  7 giant newts
  12 kobolds
  9 rats
231 creatures vanquished.

Notes
Turn   | Place    | Note
--------------------------------------------------------------
     0 | D:1      | poirepourri the Gargoyle Fighter began the quest for the Orb.
     0 | D:1      | Reached XP level 1. HP: 14/14 MP: 1/1
   539 | D:1      | Reached XP level 2. HP: 16/19 MP: 2/2
   576 | D:1      | You fall through a shaft!
   704 | D:2      | Reached XP level 3. HP: 15/24 MP: 3/3
  1808 | D:3      | Reached XP level 4. HP: 26/29 MP: 4/4
  2199 | D:3      | Reached skill level 1 in Dodging
  2362 | D:3      | Reached skill level 4 in Shields
  2485 | D:3      | Reached XP level 5. HP: 22/33 MP: 5/5
  3262 | D:4      | Reached XP level 6. HP: 31/38 MP: 6/6
  3364 | D:4      | Found a staircase to the Ecumenical Temple.
  3376 | Temple   | Entered the Ecumenical Temple
  3678 | D:4      | Found Morerr's Assorted Antiques.
  3686 | D:4      | Bought a runed morningstar for 76 gold pieces
  3686 | D:4      | Bought a scroll labeled ICODUR GASKA for 19 gold pieces
  3686 | D:4      | Bought a scroll labeled ICODUR GASKA for 19 gold pieces
  3686 | D:4      | Bought a viscous cyan potion for 17 gold pieces
  3686 | D:4      | Bought a glowing golden potion for 17 gold pieces
  3697 | D:4      | Found a sparkling altar of Nemelex Xobeh.
  3698 | D:4      | Found a glowing silver altar of Zin.
  3883 | D:5      | Entered Level 5 of the Dungeon
  3917 | D:5      | Noticed Duvessa
  3918 | D:5      | Noticed Dowan
  3937 | D:5      | Killed Duvessa
  3937 | D:5      | Reached skill level 5 in Armour
  3950 | D:5      | Killed Dowan
  3950 | D:5      | Reached skill level 5 in Shields
  3950 | D:5      | Reached XP level 7. HP: 4/43 MP: 7/7
  4971 | D:5      | Reached XP level 8. HP: 15/48 MP: 8/8
  5399 | D:5      | Reached skill level 6 in Shields
  5508 | D:5      | Reached skill level 1 in Stealth
  5562 | D:5      | Found an iron altar of Okawaru.
  5565 | D:5      | Found an ancient bone altar of Kikubaaqudgha.
  5570 | D:5      | Became a worshipper of Warmaster Okawaru
  5576 | D:5      | Found a shattered altar of Ashenzari.
  6172 | D:6      | Found a sacrificial altar of Ru.
  6352 | D:6      | Reached skill level 5 in Fighting
  6579 | D:6      | Reached skill level 1 in Throwing
  6718 | D:6      | Found Vicavoys's Magic Scroll Shop.
  6726 | D:6      | Bought a scroll of magic mapping for 49 gold pieces
  6726 | D:6      | Bought a scroll of identify for 28 gold pieces
  6726 | D:6      | Bought a scroll of identify for 28 gold pieces
  6798 | D:7      | Reached * piety under Okawaru
  6814 | D:7      | Reached skill level 7 in Shields
  6985 | D:7      | Reached XP level 9. HP: 54/54 MP: 9/9
  7412 | D:7      | Reached skill level 5 in Maces & Flails
  7585 | D:7      | Found a shadowy altar of Dithmenos.
  7728 | D:8      | Identified a scroll of acquirement
  7766 | D:8      | Noticed a two-headed ogre
  7782 | D:8      | Killed a two-headed ogre
  7840 | D:8      | Reached ** piety under Okawaru
  7849 | D:8      | Reached skill level 5 in Dodging
  8131 | D:8      | Found an opulent altar of Gozag.
  8264 | D:8      | Found a radiant altar of Vehumet.
  8555 | D:9      | Noticed a hill giant
  8562 | D:9      | Killed a hill giant
  8562 | D:9      | Reached skill level 8 in Shields
  8562 | D:9      | Reached XP level 10. HP: 19/60 MP: 10/10
  8976 | D:9      | Reached *** piety under Okawaru
  9326 | D:9      | Received a gift from Okawaru
 10078 | D:10     | Entered Level 10 of the Dungeon
 10140 | D:10     | Reached skill level 1 in Evocations
 10164 | D:10     | Found a roughly hewn altar of Beogh.
 10164 | D:10     | Found a staircase to the Orcish Mines.
 10174 | D:10     | Noticed an orc knight
 10720 | D:10     | Received a gift from Okawaru
 10720 | D:10     | Reached skill level 9 in Shields
 10737 | D:10     | Reached **** piety under Okawaru
 11054 | D:10     | Noticed a hill giant
 11070 | D:10     | Killed a hill giant
 11070 | D:10     | Reached skill level 5 in Throwing
 11070 | D:10     | Reached XP level 11. HP: 67/67 MP: 11/11
 11425 | D:10     | Killed an orc knight
 11425 | D:10     | Reached skill level 1 in Invocations
 11647 | D:10     | Noticed a hill giant
 11664 | D:10     | Slain by a hill giant

Vault maps used:
D:1:      dpeg_arrival_circle_labyrinth_c
D:4:      gammafunk_temple_overflow_statue, temple_statues, serial_shops, shop,
          kennysheep_pointless_box
D:5:      grunt_temple_overflow_diamond, first_bread,
          hangedman_abyss_or_decor_passed, minmay_misc_feat_five, uniq_duvessa
D:6:      serial_shops, nicolae_shop_crystal,
          nicolae_ru_great_annihilating_truth
D:7:      the_bakery, grunt_dithmenos_shadows
D:8:      kennysheep_little_box, lemuel_doored_altar, minmay_radiant
D:9:      serial_ice, serial_ice_a, serial_ice_n, serial_ice_f, serial_ice_d
D:10:     david_orc_5, minmay_misc_feat_cross
Temple:   triangle_lava_temple_12

Skill      XL: |  1  2  3  4  5  6  7  8  9 10 11 |
---------------+----------------------------------+-----
Armour         | 4 5 6 7 |  7.2
Dodging        | 1 2 3 4 5 6 |  6.5
Shields        | 4 5 7 8 9 |  9.6
Fighting       | 4 5 6 7 |  7.5
Maces & Flails | 3 4 5 6 |  6.9
Stealth        | 1 2 |  2.6
Throwing       | 1 4 5 |  5.1
Evocations     | 1 |  1.0
Invocations    | 1 |  1.2

Action                   |  1- 3 |  4- 6 |  7- 9 | 10-12 || total
-------------------------+-------+-------+-------+-------++-------
Melee: Flail             |     9 |       |       |       ||     9
       Mace              |    93 |   144 |       |       ||   237
       Morningstar       |       |    27 |   325 |   390 ||   742
Throw: Tomahawk          |       |       |    68 |    27 ||    95
       Stone             |       |       |    41 |    21 ||    62
       Javelin           |       |       |    20 |    18 ||    38
Invok: Heroism           |       |       |     1 |     4 ||     5
 Abil: Evoke Berserk Rag |       |       |       |     2 ||     2
  Use: Scroll            |     4 |     4 |    11 |     1 ||    20
       Potion            |       |     4 |     9 |       ||    13
 Stab: Paralysed         |       |       |     1 |       ||     1
  Eat: Bread ration      |     1 |     2 |     1 |     2 ||     6
       Royal jelly       |       |       |     1 |       ||     1
       Meat ration       |       |       |     2 |       ||     2
       Beef jerky        |       |       |       |     1 ||     1
